 Dungeon Crawl Stone Soup version 0.32-a0-360-gcd93b57ba1 (webtiles) character file.

Game seed: 4457931329439694097

2082963 Sergey the Ex Machina (level 27, 153/207 HPs)
             Began as a Coglin Brigand on Feb 18, 2024.
             Was the Champion of Beogh.
             Escaped with the Orb
             ... and 4 runes!
             The game lasted 04:04:50 (82409 turns).

Sergey the Ex Machina (Coglin Brigand)             Turns: 82409, Time: 04:04:51

Health: 153/207    AC: 17    Str:  7    XL:     27
Magic:  35/35      EV: 50    Int:  8    God:    Beogh [******]
Gold:   3885       SH:  0    Dex: 45    Spells: 27/38 levels left

rFire   + + .        w - +6 demon blade (protect) {Koruri}
rCold   + . .        e - +7 demon blade (spect) {Bozena}
rNeg    . . .        f - +2 robe {rC+ rF+}
rPois   +            M - +2 helmet
rElec   .            Q - +2 cloak {rPois}
rCorr   .            Z - +2 pair of gloves {hurl}
SInv    .            o - +2 pair of boots
Will    +++..        N - amulet "Yhanasey" {Acrobat Str-5 Int-3 Dex+8}
Stlth   ++           Y - +6 ring of dexterity
HPRegen 0.54/turn    a - ring of Qeram {rF+ Will+}
MPRegen 0.24/turn

%: acrobat
@: studying 2 skills
A: walk on water, off-hand wielding, slow wielding, warmup strikes, warmup
strides, agile 1, frail 1, no potion heal 1
0: Orb of Zot
}: 4/15 runes: decaying, serpentine, slimy, silver
a: Renounce Religion, Smiting, Recall Apostles, Blood for Blood, Dismiss Bogwik,
priest, Dismiss Learuk, priest, Dismiss Worak, priest


You escaped.
You worshipped Beogh.
Beogh was exalted by your worship.
You visited 11 branches of the dungeon, and saw 53 of its levels.
You visited 1 bazaar.
You also visited: Sewer, Ice Cave, Volcano and Wizlab.

You collected 8068 gold pieces.
You spent 4183 gold pieces at shops.

Inventory:

Hand Weapons
 e - a +7 spectral demon blade (worn) {Bozena}
 w - a +6 demon blade of protection (weapon) {Koruri}
Missiles
 s - 5 curare-tipped darts (quivered)
 y - a throwing net
Armour
 f - a +2 robe of resistance (worn)
 g - a +2 cloak of preservation
 o - a +2 pair of boots (worn)
 q - the +2 hat of the Bear Spirit {Spirit, Bear, *Rage Will++}
   (You found it on level 5 of the Pits of Slime)

   Bear:      Going berserk makes the wearer exceptionally tough, and they are
   slowed for a shorter time afterward.
   Will++:    It greatly increases your willpower.
   *Rage:     It berserks you when you make melee attacks (+20% chance).
 E - the +6 leather armour of the Eagle {rN+}
   (You took it off a deep elf pyromancer on level 3 of the Elven Halls)

   rN+:       It protects you from negative energy.
 M - a +2 helmet (worn)
 Q - a +2 cloak of poison resistance (worn)
 Z - a +2 pair of gloves of hurling (worn)
Jewellery
 a - the ring of Qeram (right grasper) {rF+ Will+}
   (You found it on level 5 of the Pits of Slime)

   [ring of protection from fire]

   rF+:       It protects you from fire.
   Will+:     It increases your willpower.
 b - the amulet of the Barnacle {Spirit Will+}
   (You took it off a deep elf demonologist on level 3 of the Elven Halls)

   [amulet of guardian spirit]

   Spirit:    It causes incoming damage to be divided between your reserves of
   health and magic.
   Will+:     It increases your willpower.
 u - the amulet of Rereej Jiuc {Faith Regen+ Str+4 Dex-2}
   (You found it on level 1 of the Depths)

   [amulet of faith]

   Faith:     It allows you to gain divine favour quickly.
   Str+4:     It affects your strength (+4).
   Dex-2:     It affects your dexterity (-2).
   Regen+:    It increases your rate of health regeneration.
 B - the ring "Washrozyw" {Int+2 Slay+4}
   (You took it off a spriggan air mage on level 2 of the Depths)

   [ring of slaying]

   Int+2:     It affects your intelligence (+2).
   Slay+4:    It affects your accuracy & damage with ranged weapons and melee
   (+4).
 G - an amulet of the acrobat
 K - a ring of poison resistance
 N - the amulet "Yhanasey" (around neck) {Acrobat Str-5 Int-3 Dex+8}
   (You found it on level 5 of the Pits of Slime)

   [amulet of the acrobat]

   Acrobat:   It increases your evasion while moving and waiting.
   Str-5:     It affects your strength (-5).
   Int-3:     It affects your intelligence (-3).
   Dex+8:     It affects your dexterity (+8).
 W - the ring of Nuyduf {*Slow rElec rN+ Str+6 Dex+3}
   (You found it on level 2 of the Depths)

   [ring of strength]

   Str+6:     It affects your strength (+6).
   Dex+3:     It affects your dexterity (+3).
   rElec:     It insulates you from electricity.
   rN+:       It protects you from negative energy.
   *Slow:     It may slow you when you take damage.
 Y - a +6 ring of dexterity (left grasper)
Wands
 c - a wand of light (20)
 i - a wand of iceblast (3)
 j - a wand of paralysis (30)
 v - a wand of digging (3)
 I - a wand of mindburst (53)
Scrolls
 p - 7 scrolls of fear
 t - 9 scrolls of vulnerability {!r}
 z - 17 scrolls of teleportation {@r3}
 D - 6 scrolls of fog {@r2}
 O - 5 scrolls of immolation
 P - 4 scrolls of blinking {@r4}
 U - a scroll of butterflies
 X - 2 scrolls of silence {!r}
Potions
 d - 7 potions of heal wounds {@q1}
 k - 2 potions of invisibility
 l - 8 potions of mutation
 m - 18 potions of curing {@q2}
 n - 8 potions of brilliance
 r - 5 potions of resistance
 x - 3 potions of enlightenment
 A - 2 potions of haste {@q5}
 F - 6 potions of magic
 H - 3 potions of ambrosia
 J - 3 potions of might {@q3}
 S - 2 potions of cancellation
 T - 6 potions of lignification
Miscellaneous
 C - a sack of spiders
 L - a phantom mirror
 R - a lightning rod (2/4)
 V - a condenser vane (inert)


   Skills:
 + Level 21.8 Fighting
 - Level 8.0(14.0) Short Blades
 + Level 19.4(20.0) Long Blades
 - Level 2.0 Maces & Flails
 - Level 8.0 Polearms
 - Level 3.1 Throwing
 - Level 6.0 Armour
 + Level 21.5 Dodging
 - Level 4.0 Stealth
 - Level 6.0 Spellcasting
 - Level 8.0 Necromancy
 - Level 6.0 Air Magic
 - Level 16.0 Invocations
 O Level 27 Evocations


You had 27 spell levels left.
You knew the following spells:

 Your Spells              Type           Power      Damage    Failure   Level
a - Airstrike             Air            6%         2d(1-17)  21%         4
b - Swiftness             Air            12%        N/A       6%          3
c - Apportation           Tloc           4%         N/A       24%         1
x - Fugue of the Fallen   Necr           15%        N/A       2%          3

Your spell library contained the following spells:

 Spells                   Type           Power      Damage    Failure   Level
 Necrotise                Necr           60%        1d7       1%          1
 Vampiric Draining        Necr           15%        2d7       2%          3
 Kiss of Death            Conj/Necr      32%        2d7       4%          1
 Cigotuvi's Dreadful Rot  Necr/Alch/Air  18%        N/A       5%          2
 Shock                    Conj/Air       28%        1d4       7%          1
 Animate Dead             Necr           15%        N/A       9%          4
 Dispel Undead            Necr           15%        3d10      9%          4
 Mercury Vapours          Alch/Air       14%        N/A       11%         2
 Foxfire                  Conj/Fire      8%         2x1d4     24%         1
 Sandblast                Erth           4%         2d4       24%         1
 Slow                     Hex            8%         N/A       24%         1
 Sting                    Conj/Alch      8%         1d3       24%         1
 Curse of Agony           Necr           15%        N/A       24%         5
 Ensorcelled Hibernation  Hex/Ice        4%         N/A       34%         2
 Jinxbite                 Hex            4%         N/A       34%         2
 Lesser Beckoning         Tloc           4%         N/A       34%         2
 Scorch                   Fire           4%         2d5       34%         2
 Anguish                  Hex/Necr       4%         N/A       41%         4
 Martyr's Knell           Necr/Summ      8%         N/A       41%         4
 Call Canine Familiar     Summ           2%         N/A       56%         3
 Confusing Touch          Hex            2%         N/A       56%         3
 Frozen Ramparts          Ice            4%         1d1       56%         3
 Gell's Gravitas          Tloc           2%         N/A       56%         3
 Inner Flame              Hex/Fire       2%         N/A       56%         3
 Ozocubu's Armour         Ice            2%         N/A       56%         3
 Passwall                 Erth           2%         N/A       56%         3
 Sigil of Binding         Hex            2%         N/A       56%         3
 Stone Arrow              Conj/Erth      4%         3d7       56%         3
 Teleport Other           Tloc           2%         N/A       56%         3
 Tukima's Dance           Hex            2%         N/A       56%         3
 Volatile Blastmotes      Fire/Tloc      4%         2d10      56%         3
 Vhi's Electric Charge    Tloc/Air       14%        N/A       56%         4
 Borgnjor's Vile Clutch   Necr/Erth      4%         N/A       77%         5
 Death Channel            Necr           7%         N/A       80%         6
 Arcjolt                  Conj/Air       3%         1d13      88%         5
 Animate Armour           Summ/Erth      4%         N/A       93%         4
 Brom's Barrelling Bould  Conj/Erth      2%         2d3       93%         4
 Cause Fear               Hex            1%         N/A       93%         4
 Dimensional Bullseye     Hex/Tloc       1%         N/A       93%         4
 Flame Wave               Conj/Fire      2%         2d4       93%         4
 Fulminant Prism          Conj/Alch      1%         3d5       93%         4
 Ignite Poison            Fire/Alch      2%         N/A       93%         4
 Iskenderun's Mystic Bla  Conj/Tloc      2%         2d3       93%         4
 Leda's Liquefaction      Alch/Erth      1%         N/A       93%         4
 Manifold Assault         Tloc           2%         N/A       93%         4
 Olgreb's Toxic Radiance  Alch           2%         N/A       93%         4
 Passage of Golubria      Tloc           2%         N/A       93%         4
 Petrify                  Alch/Erth      2%         N/A       93%         4
 Sticky Flame             Fire/Alch      2%         2d4       93%         4
 Freezing Cloud           Conj/Ice/Air   2%         6-21      96%         5
 Alistair's Intoxication  Alch           1%         N/A       100%        5
 Irradiate                Conj/Alch      1%         3d12      100%        5
 Metabolic Englaciation   Hex/Ice        1%         N/A       100%        5
 Yara's Violent Unravell  Hex/Alch       1%         3d3       100%        5
 Dispersal                Tloc           1%         N/A       100%        6
 Plasma Beam              Fire/Air       3%         2x1d13    100%        6
 Starburst                Conj/Fire      1%         6d3       100%        6
 Summon Cactus Giant      Summ           1%         N/A       100%        6
 Enfeeble                 Hex            1%         N/A       100%        7
 Haunt                    Necr/Summ      4%         N/A       100%        7
 Malign Gateway           Summ/Tloc      1%         N/A       100%        7
 Ozocubu's Refrigeration  Ice            1%         4d7       100%        7
 Borgnjor's Revivificati  Necr           7%         N/A       100%        8
 Discord                  Hex            1%         N/A       100%        8
 Disjunction              Tloc           1%         N/A       100%        8
 Infestation              Necr           7%         N/A       100%        8
 Lehudib's Crystal Spear  Conj/Erth      1%         10d2      100%        8
 Maxwell's Capacitive Co  Air            6%         ∞         100%        8
 Summon Horrible Things   Summ           1%         N/A       100%        8
 Death's Door             Necr           7%         N/A       100%        9


Dungeon Overview and Level Annotations

Branches:
Dungeon (15/15)            Temple (1/1) D:4            Lair (5/5) D:10
  Swamp (4/4) Lair:3        Snake (4/4) Lair:3        Slime (5/5) Lair:4
    Orc (2/2) D:9             Elf (3/3) Orc:2        Vaults (5/5) D:14
  Crypt (0/3) Vaults:3     Depths (4/4) D:15            Zot (5/5) Depths:4
  Sewer (visited)           IceCv (visited)         Volcano (visited)
 WizLab (visited)

Altars:
Ashenzari
Cheibriados
Dithmenos
Elyvilon
Fedhas
Gozag
Hepliaklqana
Kikubaaqudgha
Makhleb
Nemelex Xobeh
Okawaru
Qazlal
Ru
Sif Muna
Trog
Uskayaw
Vehumet
Wu Jian
Xom
Yredelemnul
Zin
The Shining One
Jiyva

Shops:
D:1 !   D:13 *   Orc:2 [(=:   Elf:1 [   Snake:1 ::=   Vaults:2 [   Vaults:4 (
Depths:2 ![   Depths:3 *?

Portals:
Hell: Depths:1 Depths:2 Depths:4
Abyss: Depths:3 Depths:4
Pandemonium: Depths:2
Ziggurat: Depths:1

Annotations:
D:3 exclusion: downstairs
D:6 exclusion: downstairs
D:7 2 transporters
D:9 exclusion: downstairs
D:11 2 transporters, Bigboy123's ghost, journeyman MiBe
D:13 4 exclusions
D:14 Roxanne
Lair:4 2 exclusions
Swamp:2 exclusion: 2 downstairs
Swamp:3 exclusion: downstairs
Snake:2 1 transporter
Snake:4 2 transporters, avgcrawlenjoyer's ghost, adept DsBe
Orc:1 3 runed translucent doors, 4 transporters, Bigboy123's ghost, journeyman MiBe
Vaults:4 3 exclusions
Depths:2 1 transporter
Depths:3 exclusions: door and sun demon
Zot:3 3 runed translucent doors, Emorepp's ghost, legendary GnSk


Innate Abilities, Weirdness & Mutations

You can walk on water.
Your facial features are unmistakably orcish.
You can wield a second weapon in your off-hand.
It takes a long time for you to wield or remove held weapons.
Your first few attacks do less damage.
Your first movements take longer.
You are agile. (Dex +4, Str/Int -1)
You are frail. (-10% HP)
Potions are less effective at restoring your health.


Message History

You closely miss the Executioner with your +6 demon blade of protection.
The Executioner is moderately wounded.
You slash the Executioner with your +7 spectral demon blade!
Your +7 spectral demon blade {Bozena} hits the Executioner but does no damage.
The Executioner completely misses you. x3
You miss the Executioner with your +6 demon blade of protection.
The Executioner is heavily wounded.
You hit the Executioner with your +7 spectral demon blade.
Your +7 spectral demon blade {Bozena} hits the Executioner but does no damage.
The Executioner barely misses your +7 spectral demon blade {Bozena}.
The Executioner hits your +7 spectral demon blade {Bozena}.
Your spectral weapon shares its damage with you!
The Executioner misses your +7 spectral demon blade {Bozena}.
The Executioner hits your +7 spectral demon blade {Bozena} but does no damage.
The Executioner hits your +7 spectral demon blade {Bozena}.
The Executioner misses your +7 spectral demon blade {Bozena}.
You slash the Executioner with your +6 demon blade of protection!
Your weapon exudes an aura of protection.
The Executioner is severely wounded.
You hit the Executioner but do no damage.
Your +7 spectral demon blade {Bozena} barely misses the Executioner.
The Executioner hits you!!
The Executioner completely misses you. x2
The Executioner hits you! The Executioner misses you. x2
You slice the Executioner with your +7 spectral demon blade!!
You kill the Executioner!
Beogh accepts your kill.
Your +7 spectral demon blade {Bozena} disappears.
No target in view!
A large abomination comes into view.
You see here a bat skeleton.
Aiming: Dig
Press: ? - help, Shift-Dir - straight line, f - you Please select a direction to dig.
This square is covered in magical glow.
The rock shatters into small pieces.
Blink to where?
Press: ? - help, Dir - move target
As you read the scroll of blinking {@r4}, it crumbles to dust.
Unknown command.
You have escaped!

#..# #.####...#.....∩.∩.# #
##.# #....#.ß.#.#.......##
######.###....#...##....∩.∩..#
.........#....#.ß.##.........#
......#.......#...##.........#
........#######.ß.######.....#
........##.............#.....#
.........#.............#.....#
..[....#.#......@......#.....#
.......#.#.............#.....#
......##...............#.....#
.......#.###############.....#
........÷...........#.......##
..................###......##
................#.....[....#
...........X.#...###.......#
...........................#


There were no monsters in sight!

Vanquished Creatures
  the Royal Jelly (Slime:5)
  4 dread liches
  An ancient lich (Zot:5)
  3 orbs of fire
  A juggernaut (Depths:4)
  Sojobo (Vaults:4)
  Bai Suzhen (Swamp:4)
  Boris (twice) (Vaults:4 Depths:2)
  4 Killer Klowns (Zot:5)
  Vashnia (Snake:4)
  4 curse toes
  A caustic shrike (Depths:2)
  8 golden dragons
  Norris (Vaults:3)
  An electric golem (Zot:5)
  2 Brimstone Fiends (D:12)
  A bone dragon (Depths:4)
  8 tentacled monstrosities
  Zenata (Vaults:3)
  22 Orb Guardians
  3 titans
  4 quicksilver dragons
  3 deep elf blademasters
  3 liches
  4 sphinxes
  12 acid blobs
  An Executioner (D:1)
  A deep elf master archer (Elf:3)
  A pandemonium lord (Zot:5)
  An ancient champion (Vaults:3)
  Asterion (Vaults:3)
  An eldritch tentacle (Zot:5)
  9 shadow dragons
  5 death cobs
  11 storm dragons
  4 tengu reavers (Vaults:5)
  Kirke (D:15)
  7 azure jellies
  3 draconian monks
  12 fire giants
  Aizul (Elf:1)
  2 protean progenitors
  5 nagarajas
  4 draconian knights
  5 rockslimes
  10 deep elf sorcerers
  21 frost giants
  10 vault wardens
  Louise (D:15)
  2 draconian scorchers (Zot:3)
  An iron dragon (Depths:3)
  A ghoul (Vaults:3)
  2 ghost moths
  6 draconian shifters
  2 deep elf elementalists (Elf:3)
  2 orc warlords
  An angel (Zot:5)
  3 draconian annihilators (Zot:3)
  11 ironbound preservers
  A cacodemon (D:13)
  An ironbound thunderhulk (Vaults:4)
  7 quicksilver oozes (Slime:5)
  2 vampire knights
  3 draconian stormcallers
  3 spriggan defenders
  3 formless jellyfish
  11 stone giants
  17 very ugly things
  10 green draconians
  2 orc apostles (Depths:3)
  8 deep elf annihilators
  A lorocyproca (Zot:5)
  6 white draconians
  9 black draconians
  5 red draconians
  11 deep elf demonologists
  5 dire elephants
  8 yellow draconians
  A war gargoyle (Vaults:1)
  2 deep elf death magi
  3 purple draconians
  2 bunyips
  4 spark wasps (Depths:1)
  A merfolk impaler (Depths:4)
  Snorg (D:14)
  A quicksilver dragon zombie (D:15)
  7 fire dragons
  2 entropy weavers
  7 ettins
  3 crystal guardians
  6 deep elf high priests
  8 great orbs of eyes
  8 yaktaur captains
  4 rakshasas
  3 salamander tyrants
  30 vault guards
  6 hydras
  4 ogre magi
  A hell beast (D:2)
  3 ghost crabs
  10 anacondas
  6 peacekeepers
  13 ice dragons
  12 alligators
  A radroach (shapeshifter) (Vaults:5)
  7 centaur warriors
  2 boulder beetles
  19 dancing weapons
  5 ironbound frosthearts
  4 spriggan air magi
  A two-headed ogre (shapeshifter) (Depths:1)
  14 two-headed ogres
  7 naga warriors
  7 deep troll shamans
  6 death yaks
  4 death knights
  3 tengu warriors
  2 vampire magi
  2 deep troll earth magi (Depths:2)
  4 shock serpents
  7 spriggan berserkers
  11 naga sharpshooters
  11 hell knights
  3 occultists
  10 deep elf knights
  2 orc high priests
  2 sixfirhies
  3 skeletal warriors (D:15)
  2 skysharks (Vaults:3)
  Sonja (Lair:4)
  4 iron trolls
  Amaemon (Lair:3)
  5 glowing orange brains
  A spark wasp zombie (D:15)
  3 goliath frogs
  A sea snake (shapeshifter) (Depths:3)
  2 salamander mystics
  A swamp dragon (Swamp:2)
  A sun moth (shapeshifter) (Vaults:5)
  5 mana vipers
  A lindwurm (shapeshifter) (D:14)
  21 deep trolls
  5 spriggan druids
  An orb spider (shapeshifter) (Depths:3)
  2 sea snakes (Snake:4)
  7 deep elf archers
  6 arcanists
  3 naga ritualists
  A phantasmal warrior (Vaults:5)
  17 deep elf zephyrmancers
  9 ironbound convokers
  5 harpies
  7 lindwurms
  3 orc knights
  24 deep elf pyromancers
  2 orc sorcerers (Vaults:1)
  A harpy (shapeshifter) (D:15)
  A shining eye (Slime:4)
  8 necromancers
  A wolf spider (Lair:5)
  3 cyclopes
  Maurice (D:12)
  6 oklob plants (Lair:4)
  19 ugly things
  A large abomination (D:13)
  A manticore (D:13)
  11 salamanders
  A will-o-the-wisp (Swamp:2)
  11 vault sentinels
  A meliai (shapeshifter) (Depths:2)
  10 naga magi
  9 elephants
  3 guardian serpents (Snake:4)
  21 moths of wrath
  22 black mambas
  An eye of devastation (Slime:4)
  2 ice statues (IceCv)
  An unseen horror (D:10)
  2 torpor snails (Lair:5)
  2 smoke demons (Vaults:3)
  2 gargoyles
  3 rime drakes
  4 orange demons
  3 hellions (Vaults:4)
  4 efreet
  14 yaktaurs
  5 cane toads
  6 komodo dragons
  An ice devil (D:13)
  A tengu conjurer (D:14)
  5 freezing wraiths
  A hornet (shapeshifter) (Vaults:5)
  6 trolls
  11 tyrant leeches
  6 hornets
  A polar bear (D:9)
  A tarantella (Vaults:1)
  A tarantella (shapeshifter) (Vaults:5)
  2 dream sheep (Lair:5)
  7 glass eyes
  A blink frog (shapeshifter) (D:14)
  5 blink frogs (Lair:4)
  2 vampires
  3 water elementals
  Sigmund (D:5)
  A shadow (D:10)
  A slime creature (shapeshifter) (Depths:2)
  4 wyverns
  56 slime creatures
  2 air elementals
  11 spriggans
  3 wraiths
  3 basilisks
  A fire elemental (Elf:1)
  3 swamp worm simulacra (Swamp:4)
  47 yaks
  An unseen horror simulacrum (D:9)
  6 golden eyes
  16 vampire mosquitoes
  A chaos spawn (D:10)
  A steam dragon (D:8)
  2 redbacks
  A warg (Orc:2)
  29 nagas
  7 swamp worms
  16 hydra simulacra (Swamp:4)
  15 water moccasins
  5 hell hounds (Depths:1)
  Duvessa (D:4)
  A sky beast (shapeshifter) (Elf:2)
  3 black bears
  8 orc warriors
  3 swamp drakes (Swamp:1)
  A redback (shapeshifter) (Vaults:5)
  8 ice beasts
  3 boggarts (D:15)
  7 wolves
  3 centaurs
  20 ogres
  2 kobold brigands
  2 gnoll sergeants
  3 scorpions
  A small abomination (Zot:5)
  11 bullfrogs
  2 earth elementals
  Dowan (D:4)
  10 wights
  9 killer bees
  3 howler monkeys (D:7)
  An electric eel (Lair:3)
  A jelly (D:6)
  8 orc priests
  5 iguanas
  Crazy Yiuf (D:4)
  A sleepcap (D:5)
  14 orc wizards
  3 hell rats (Lair:3)
  A centaur simulacrum (D:9)
  2 acid dragon simulacra (IceCv)
  15 gnolls
  11 adders
  3 river rats (D:4)
  A shadow imp (D:7)
  3 white imps
  5 swamp drake simulacra (Swamp:4)
  2 ufetubi
  4 dart slugs
  2 ribbon worms
  47 orcs
  4 ball pythons
  5 bats
  10 endoplasms
  9 giant cockroaches
  7 goblins
  5 hobgoblins
  12 jackals
  11 kobolds
  3 quokkas
  2 frilled lizards
  3 rats
  An aspiring flesh (Zot:3)
1555 creatures vanquished.

Vanquished Creatures (collateral kills)
  Frederick (Vaults:4)
  An ancient lich (Vaults:5)
  Saint Roka (Depths:2)
  A golden dragon (Depths:4)
  Jorgrun (Elf:2)
  Rupert (D:14)
  An Orb Guardian (Zot:5)
  A lich (Depths:2)
  3 titans
  A quicksilver dragon (Vaults:5)
  3 tengu reavers
  3 acid blobs (Slime:5)
  A shadow dragon (Vaults:5)
  A thorn hunter (Swamp:2)
  A storm dragon (Vaults:5)
  2 fenstrider witches (Swamp:4)
  A fire giant (Zot:3)
  9 rockslimes (Slime:5)
  A draconian knight (Depths:4)
  An azure jelly (Slime:5)
  A draconian scorcher (Zot:3)
  A deep elf sorcerer (Elf:1)
  5 vault wardens
  2 frost giants
  2 deep elf elementalists
  2 orc warlords (Vaults:1)
  A draconian annihilator (Depths:4)
  3 very ugly things
  11 ironbound preservers
  5 stone giants
  2 ironbound thunderhulks
  A formless jellyfish (Vaults:2)
  4 quicksilver oozes (Slime:5)
  3 deep elf demonologists
  3 deep elf death magi (Elf:3)
  A green draconian (Depths:4)
  6 deep elf annihilators
  2 bunyips
  A dire elephant (Vaults:2)
  A white draconian (IceCv)
  A war gargoyle (Vaults:4)
  A purple draconian (Zot:3)
  A spark wasp (Depths:1)
  3 ettins
  4 yaktaur captains
  A deep elf high priest (Vaults:3)
  Josephine (Orc:1)
  A fire dragon (Depths:2)
  4 great orbs of eyes
  2 ice dragons (Depths:3)
  2 hydras
  3 rakshasas
  16 vault guards
  2 ogre magi (Orc:2)
  2 ironbound frosthearts (Vaults:3)
  A catoblepas (Lair:5)
  4 anacondas
  2 spriggan air magi
  A boulder beetle (D:13)
  7 alligators
  9 dancing weapons
  2 deep troll earth magi (Vaults:5)
  2 centaur warriors
  A death knight (D:14)
  3 deep troll shamans
  3 naga warriors
  3 tengu warriors
  11 two-headed ogres
  A death yak (Lair:5)
  2 spriggan berserkers
  2 naga sharpshooters
  7 hell knights
  An orc high priest (Elf:1)
  A shock serpent (Snake:4)
  11 deep elf knights
  An iron troll (Zot:3)
  22 deep trolls
  2 salamander mystics
  3 mana vipers
  4 naga ritualists
  6 deep elf archers
  2 bog bodies (Swamp:1)
  20 deep elf zephyrmancers
  4 phantasmal warriors
  2 arcanists
  2 harpies (Vaults:1)
  A lindwurm (Lair:5)
  4 necromancers
  11 deep elf pyromancers
  An orc knight (Vaults:1)
  9 ironbound convokers
  A cyclops (shapeshifter) (Vaults:5)
  A cyclops (D:13)
  3 manticores
  A shining eye (Slime:5)
  5 orc sorcerers
  7 ugly things
  A salamander (Snake:2)
  3 will-o-the-wisps
  4 naga magi
  3 vault sentinels
  5 moths of wrath
  7 black mambas
  2 guardian serpents (Snake:4)
  A rust devil (Snake:1)
  A smoke demon (Vaults:3)
  3 unseen horrors
  2 freezing wraiths (Vaults:5)
  5 rime drakes
  2 komodo dragons
  11 yaktaurs
  An ice devil (Elf:2)
  2 efreet
  A red devil (D:13)
  7 trolls
  7 tyrant leeches
  5 hornets
  6 dream sheep (Lair:5)
  A blink frog (Lair:5)
  A glass eye (Depths:2)
  3 spriggans
  A culicivora (Vaults:1)
  3 wraiths (Orc:1)
  16 slime creatures
  4 yaks
  A hog (shapeshifter) (D:12)
  A basilisk (Lair:5)
  A redback (Vaults:3)
  A warg (Orc:1)
  A vampire mosquito (Swamp:2)
  5 nagas
  7 swamp worms
  A water moccasin (Lair:5)
  A swamp drake (shapeshifter) (Vaults:5)
  5 orc warriors
  9 ogres (Orc:2)
  A boggart (D:15)
  2 earth elementals (Elf:3)
  2 lindwurm simulacra (IceCv)
  6 komodo dragon simulacra (IceCv)
  4 orc priests
  An orc wizard (Orc:1)
  A hell rat (Lair:3)
  3 acid dragon simulacra (IceCv)
  8 steam dragon simulacra (IceCv)
  2 orcs (Orc:2)
493 creatures vanquished.

Vanquished Creatures (others)
  Nikola (Swamp:4)
  2 fire giants
  3 orc warlords
  An ettin (Zot:3)
  49 orc apostles
  A hell knight (Depths:2)
  2 orc high priests
  2 deep elf knights (Elf:2)
  2 orc knights (Slime:5)
  2 moths of wrath
  3 bloated husks
  6 humans (D:15)
  A water moccasin (Slime:5)
  11 orc warriors
  An ogre (Zot:3)
  8 orc priests
  2 orc wizards
  18 orcs
  10 foxfires
  25 spectral weapons
150 creatures vanquished.

Grand Total: 2198 creatures vanquished

Notes
Turn   | Place    | Note
-------+----------+-------------------------------------------
     0 | D:1      | Sergey the Coglin Brigand began the quest for the Orb.
     0 | D:1      | Reached XP level 1. HP: 16/16 MP: 1/1
   197 | D:1      | Reached skill level 1 in Dodging
   247 | D:1      | Reached XP level 2. HP: 22/22 MP: 2/2
   429 | D:1      | Found Enkewucw's Distillery.
   530 | D:1      | Reached XP level 3. HP: 22/28 MP: 3/3
   986 | D:1      | Found Enkewucw's Distillery.
  1870 | D:1      | Bought a potion of curing for 36 gold pieces
  1960 | D:2      | Reached XP level 4. HP: 35/35 MP: 4/4
  2913 | D:1      | Bought a potion of curing for 36 gold pieces
  3431 | D:3      | Reached XP level 5. HP: 33/42 MP: 5/5
  3771 | D:4      | Found a radiant altar of Vehumet.
  3886 | D:4      | Found a glowing drain.
  3892 | Sewer    | Entered a sewer
  4175 | D:4      | Found a staircase to the Ecumenical Temple.
  4192 | Temple   | Entered the Ecumenical Temple
  4251 | D:4      | Found a basalt altar of Yredelemnul.
  4409 | D:4      | Noticed Duvessa
  4511 | D:4      | Reached XP level 6. HP: 41/48 MP: 6/6
  4643 | D:5      | Entered Level 5 of the Dungeon
  4874 | D:5      | Found a shimmering altar of Xom.
  4888 | D:5      | Noticed Sigmund
  5135 | D:5      | Found an ornate altar of the Wu Jian Council.
  5139 | D:5      | Reached XP level 7. HP: 55/55 MP: 7/7
  5147 | D:5      | Reached skill level 5 in Fighting
  5422 | D:1      | Bought a potion of enlightenment for 60 gold pieces
  5689 | D:5      | Identified the +0 robe of Youthful Indiscretion {rF- rC-
                  | MP+9 SInv}
  5867 | D:5      | Found a shimmering blue altar of Sif Muna.
  6125 | D:5      | Killed Sigmund
  6126 | D:5      | Reached XP level 8. HP: 63/65 MP: 8/8
  6260 | D:6      | Found an opulent altar of Gozag.
  6333 | D:6      | Noticed a +0 dagger
  6334 | D:6      | Noticed a +0 dagger
  6335 | D:6      | Found a hide-covered altar of Uskayaw.
  6512 | D:6      | Reached skill level 5 in Short Blades
  6534 | D:6      | Found a blossoming altar of Fedhas.
  7107 | D:6      | Became a worshipper of Beogh the Shepherd
  7193 | D:7      | Found a transporter.
  7259 | D:6      | Reached XP level 9. HP: 61/72 MP: 9/9
  7278 | D:6      | Reached skill level 5 in Dodging
  7861 | D:7      | Found a broken altar of Ashenzari.
  8017 | D:7      | Found a white marble altar of Elyvilon.
  8019 | D:7      | Found a transporter.
  8813 | D:4      | Found a runed translucent door.
  8814 | D:4      | Noticed Crazy Yiuf
  9048 | D:4      | Noticed Dowan
  9131 | D:4      | Reached * piety under Beogh
  9194 | D:4      | Reached skill level 2 in Evocations
  9251 | D:4      | Found an iron altar of Okawaru.
  9478 | D:1      | Bought 2 potions of curing for 72 gold pieces
  9478 | D:1      | Bought a potion of cancellation for 96 gold pieces
  9934 | D:7      | Reached skill level 3 in Evocations
 10124 | D:7      | Reached skill level 4 in Evocations
 10176 | D:8      | Reached skill level 5 in Evocations
 10212 | D:8      | Noticed a two-headed ogre
 10409 | D:8      | Killed a two-headed ogre
 10410 | D:8      | Reached skill level 6 in Evocations
 10410 | D:8      | Reached skill level 8 in Evocations
 10410 | D:8      | Reached XP level 10. HP: 80/80 MP: 10/10
 10636 | D:8      | Found a stormy altar of Qazlal.
 10754 | D:8      | Reached skill level 9 in Evocations
 10915 | D:8      | Reached skill level 1 in Air Magic
 10922 | D:8      | Reached skill level 1 in Spellcasting
 10937 | D:8      | Learned a level 3 spell: Swiftness
 10990 | D:8      | Found a hazy altar of Hepliaklqana.
 11482 | D:9      | Reached ** piety under Beogh
 11868 | D:9      | Reached skill level 1 in Invocations
 11912 | D:9      | Found a staircase to the Orcish Mines.
 12346 | D:9      | Noticed a death yak
 12704 | D:4      | Killed Duvessa
 12718 | D:4      | Killed Dowan
 13318 | D:9      | Found a glowing golden altar of the Shining One.
 13487 | D:9      | Found an ancient bone altar of Kikubaaqudgha.
 13487 | D:9      | Found a snail-covered altar of Cheibriados.
 13532 | D:9      | Reached skill level 5 in Invocations
 13672 | D:9      | Reached XP level 11. HP: 76/86 MP: 14/14
 13732 | D:10     | Entered Level 10 of the Dungeon
 13753 | D:10     | Identified the +8 trident of Rapp {freeze, Int+2}
 13846 | D:10     | Reached skill level 1 in Polearms
 13902 | D:10     | Found a staircase to the Lair.
 14040 | D:9      | Reached *** piety under Beogh
 14047 | D:9      | Identified the +4 long sword "Dragonbane" {flame, rElec
                  | rF+}
 14047 | D:9      | Noticed Morun
 14128 | D:9      | Was placed under penance by Beogh
 14128 | D:9      | Killed Morun the orc apostle
 14128 | D:9      | Fled from a divine trial
 14457 | D:8      | Found a hazy altar of Hepliaklqana.
 14773 | D:8      | Found a stormy altar of Qazlal.
 15601 | D:11     | Noticed a two-headed ogre
 15785 | Lair:1   | Entered Level 1 of the Lair of Beasts
 15797 | D:10     | Reached skill level 5 in Polearms
 15893 | Lair:1   | Noticed a death yak
 15894 | Lair:1   | Noticed a death yak
 15916 | Lair:1   | Noticed a death yak
 16037 | D:10     | Was forgiven by Beogh
 16058 | D:10     | Killed a death yak
 16233 | D:11     | Noticed a two-headed ogre
 16598 | D:9      | Learned a level 4 spell: Airstrike
 17807 | D:11     | Noticed a boulder beetle
 18858 | D:4      | Killed Crazy Yiuf
 19155 | Lair:2   | Killed a death yak
 19567 | Lair:2   | Reached skill level 5 in Air Magic
 19567 | Lair:2   | Reached XP level 12. HP: 80/92 MP: 16/16
 20545 | Lair:3   | Found a staircase to the Snake Pit.
 21657 | Lair:1   | Noticed an eight-headed hydra
 21852 | Lair:1   | Killed an eight-headed hydra
 22022 | Lair:1   | Reached skill level 10 in Fighting
 22272 | Lair:1   | Killed a death yak
 24164 | Lair:3   | Noticed an eight-headed hydra
 24172 | Lair:3   | Killed an eight-headed hydra
 24173 | Lair:3   | Reached XP level 13. HP: 96/103 MP: 7/19
 24214 | Lair:3   | Noticed Amaemon
 24281 | Lair:3   | Killed Amaemon
 24589 | Lair:3   | Reached skill level 1 in Maces & Flails
 24855 | Lair:3   | Found a staircase to the Swamp.
 25426 | Lair:4   | Identified the +4 spear "Masim" {flame, rElec rPois Str+3
                  | Stlth+}
 25737 | Lair:4   | Found a dark tunnel.
 25745 | Volcano  | Entered a volcano
 26008 | Lair:4   | Found a viscous altar of Jiyva.
 26179 | Lair:4   | Anointed Morun the warrior as your apostle
 26225 | Lair:4   | Noticed Sonja
 26231 | Lair:4   | Killed Sonja
 26752 | Lair:5   | Entered Level 5 of the Lair of Beasts
 26953 | Lair:5   | Anointed Ogrik the warrior as your apostle
 27350 | Lair:5   | Your ally Ogrik died
 27693 | Lair:5   | Reached XP level 14. HP: 70/113 MP: 14/20
 28520 | D:11     | Noticed Bigboy123's ghost (journeyman MiBe)
 28521 | D:11     | Found a transporter.
 28550 | D:11     | Found a transporter.
 29384 | D:12     | Noticed Maurice
 29392 | D:12     | Killed Maurice
 29820 | D:13     | Reached skill level 10 in Dodging
 29870 | D:13     | Found Tungimm's Mail-Order Catalogue.
 29951 | D:13     | Reached skill level 10 in Evocations
 30537 | D:13     | Reached skill level 11 in Evocations
 31137 | D:13     | Reached skill level 12 in Evocations
 31360 | D:14     | Noticed Rupert
 31632 | D:14     | Reached skill level 13 in Evocations
 31938 | D:14     | Noticed Roxanne
 32257 | D:15     | Entered Level 15 of the Dungeon
 32330 | Orc:1    | Entered Level 1 of the Orcish Mines
 32334 | Orc:1    | Found a runed translucent gate.
 32346 | Orc:1    | Found a runed translucent gate.
 32348 | Orc:1    | Found a runed translucent gate.
 32350 | Orc:1    | Noticed Bigboy123's ghost (journeyman MiBe)
 32468 | Orc:1    | Reached skill level 14 in Evocations
 32468 | Orc:1    | Noticed Josephine
 32475 | Orc:1    | Killed Josephine
 32476 | Orc:1    | Reached XP level 15. HP: 120/120 MP: 21/21
 32490 | Orc:1    | Identified the +4 flail of Amorality {holy, rN+ Str+2}
 32500 | Orc:1    | Anointed Urtork the priest as your apostle
 32657 | Orc:1    | Found a bloodstained altar of Trog.
 32688 | Orc:1    | Found an ornate altar of the Wu Jian Council.
 32689 | Orc:1    | Found a transporter.
 32691 | Orc:1    | Found a transporter.
 32748 | Orc:1    | Found a transporter.
 32768 | Orc:1    | Found a transporter.
 32769 | Orc:1    | Found an ornate altar of the Wu Jian Council.
 32769 | Orc:1    | Noticed an orc warlord
 33056 | Orc:2    | Entered Level 2 of the Orcish Mines
 33102 | Orc:2    | Reached skill level 15 in Evocations
 33120 | Orc:2    | Found a staircase to the Elven Halls.
 33141 | Orc:2    | Found a frozen archway.
 33150 | Orc:2    | Reached skill level 1 in Long Blades
 33153 | IceCv    | Entered an ice cave
 33927 | IceCv    | Found the necklace of Bloodlust {Fury *Rage Will++ Int-3
                  | Slay+6}
 34256 | Orc:2    | Found Viosoiwka's Antique Weapon Shop.
 34256 | Orc:2    | Found Uhirraq's Book Shoppe.
 34257 | Orc:2    | Found Zenyxeil's Jewellery Shop.
 34257 | Orc:2    | Found Migipnunga's Antique Armour Emporium.
 34258 | Orc:2    | Reached skill level 5 in Long Blades
 34270 | Orc:2    | Your ally Ogrik died
 34274 | Orc:2    | Reached **** piety under Beogh
 34845 | Snake:1  | Entered Level 1 of the Snake Pit
 34996 | Snake:1  | Your ally Urtork died
 35091 | Snake:1  | Identified the +6 dagger "Pafowo" {elec, Fly Will++ rCorr
                  | Dex+3}
 35099 | Snake:1  | Anointed Orgrim the wizard as your apostle
 35138 | Snake:1  | Found Umaabain's Book Shop.
 35141 | Snake:1  | Found Lueck's Jewellery Emporium.
 35142 | Snake:1  | Found Gine's Book Shop.
 35444 | Snake:1  | Your ally Orgrim died
 35445 | Snake:1  | Your ally Ogrik died
 35653 | Snake:1  | Reached XP level 16. HP: 125/127 MP: 22/22
 36069 | Snake:2  | Identified the +8 spear "Goblin's Demise" {drain, rC+
                  | Int+3}
 36264 | Snake:2  | Noticed a nagaraja
 36265 | Snake:2  | Found a radiant altar of Vehumet.
 36265 | Snake:2  | Noticed a nagaraja
 36266 | Snake:2  | Noticed a nagaraja
 36266 | Snake:2  | Identified the +5 robe "Liriq" {Slay+3 Stlth+}
 36268 | Snake:2  | Found a transporter.
 36373 | Snake:2  | Noticed a nagaraja
 36399 | Snake:2  | Your ally Morun died
 36401 | Snake:2  | Killed a nagaraja
 37203 | Snake:2  | Identified the +0 ring mail of Weak Mirth {rElec rF++
                  | Regen+}
 37344 | Snake:2  | Reached skill level 10 in Long Blades
 38540 | Snake:3  | Noticed a nagaraja
 38552 | Snake:3  | Killed a nagaraja
 39543 | Snake:4  | Entered Level 4 of the Snake Pit
 39627 | Snake:4  | Found a transporter.
 39627 | Snake:4  | Noticed avgcrawlenjoyer's ghost (adept DsBe)
 40107 | Snake:4  | Your ally Orgrim died
 40115 | Snake:4  | Your ally Ogrik died
 40343 | Snake:4  | Found a transporter.
 40357 | Snake:4  | Your ally Morun died
 40882 | Snake:4  | Noticed a nagaraja
 40916 | Snake:4  | Killed a nagaraja
 41079 | Snake:4  | Reached XP level 17. HP: 135/135 MP: 2/23
 42112 | Swamp:1  | Entered Level 1 of the Swamp
 42188 | Swamp:1  | Reached ***** piety under Beogh
 42446 | Swamp:1  | Anointed Bogwik the priest as your apostle
 43506 | Swamp:2  | Your ally Ogrik died
 43511 | Swamp:2  | Your ally Morun died
 43734 | Swamp:2  | Your ally Bogwik died
 44640 | Orc:2    | Bought a +6 ring of dexterity for 504 gold pieces
 45483 | Swamp:4  | Entered Level 4 of the Swamp
 45483 | Swamp:4  | Noticed Bai Suzhen
 45788 | D:15     | Noticed Louise
 45800 | D:15     | Killed Louise
 45983 | D:15     | Reached XP level 18. HP: 90/147 MP: 24/24
 46130 | D:15     | Found a staircase to the Depths.
 46247 | D:15     | Noticed Kirke
 46259 | D:15     | Killed Kirke
 46900 | Snake:1  | Bought a ring of poison resistance for 380 gold pieces
 47218 | Swamp:4  | Your ally Ogrik died
 47219 | Swamp:4  | Killed Bai Suzhen
 47220 | Swamp:4  | Reached skill level 16 in Evocations
 47253 | Swamp:4  | Your ally Bogwik died
 47268 | Swamp:4  | Noticed Nikola
 47278 | Swamp:4  | Killed Nikola
 47278 | Swamp:4  | Your ally Morun died
 47327 | Swamp:3  | Identified the +10 great sword of Plog {freeze, rPois rN+
                  | Str+2 Dex-5}
 48509 | Swamp:4  | Reached skill level 15 in Fighting
 48573 | Swamp:4  | Got a decaying rune of Zot
 49045 | Snake:4  | Noticed Vashnia
 49310 | Snake:4  | Found an iron altar of Okawaru.
 49331 | Snake:4  | Got a serpentine rune of Zot
 49401 | Snake:4  | Killed Vashnia
 49402 | Snake:4  | Reached skill level 15 in Dodging
 49764 | Elf:1    | Entered Level 1 of the Elven Halls
 49820 | Elf:1    | Reached skill level 17 in Evocations
 49900 | Elf:1    | Found Daewk's Antique Armour Emporium.
 49936 | Elf:1    | Your ally Ogrik died
 49946 | Elf:1    | Bought a shimmering leather armour for 217 gold pieces
 49946 | Elf:1    | Identified the +0 leather armour "Voulimicust" {Regen+
                  | Dex+7 Slay-6} (You bought it in a shop on level 1 of the
                  | Elven Halls)
 50591 | Elf:1    | Reached XP level 19. HP: 157/157 MP: 25/25
 50623 | Elf:1    | Your ally Bogwik died
 50627 | Elf:1    | Your ally Morun died
 51052 | Elf:1    | Reached skill level 18 in Evocations
 51057 | Elf:2    | Noticed Jorgrun
 51098 | Elf:2    | Identified the serpent talisman of Relativism {Will++}
 51098 | Elf:2    | Noticed Aizul
 51110 | Elf:1    | Killed Aizul
 51267 | Elf:2    | Killed Jorgrun
 51516 | Elf:2    | Reached skill level 1 in Armour
 51907 | Elf:2    | Found a runed translucent gate.
 51907 | Elf:2    | Found a runed translucent gate.
 51911 | Elf:2    | Found a runed translucent gate.
 52055 | Elf:2    | Your ally Ogrik died
 52718 | Elf:3    | Entered Level 3 of the Elven Halls
 52808 | Elf:3    | Reached skill level 5 in Armour
 52947 | Elf:3    | Identified the scarf of the Beekeeper {harm, Stlth+}
 53100 | Elf:3    | Your ally Ogrik died
 53131 | Elf:3    | Your ally Morun died
 53689 | Elf:3    | Noticed an Ice Fiend
 53861 | Elf:3    | Identified the +6 leather armour of the Eagle {rN+}
 53947 | Elf:3    | Identified the +2 falchion "Lulikhic" {flame, rElec}
 53952 | Elf:3    | Identified the +9 plate armour "Wemodady" {-Cast Regen+
                  | Dex+3}
 53954 | Elf:3    | Reached XP level 20. HP: 169/169 MP: 24/26
 53956 | Elf:3    | Noticed a Tzitzimitl
 54058 | Elf:3    | Your ally Bogwik died
 54473 | Elf:3    | Identified the +7 eveningstar "Joqah" {heavy, +Blink rF+++
                  | Str-4 Int-5}
 55760 | Elf:3    | Identified the amulet of the Barnacle {Spirit Will+}
 55886 | Elf:3    | Got Sif Muna's Handbook of Electricity and the Sphinx
 55920 | Elf:3    | Identified a scroll of acquirement
 55931 | Elf:3    | Got the Directory of Nonlocality
 55943 | Elf:3    | Acquired 943 gold pieces
 56247 | D:14     | Found a gate to the Vaults.
 56273 | D:14     | Your ally Ogrik died
 56337 | D:14     | Killed Rupert
 56472 | D:14     | Noticed Snorg
 56481 | D:14     | Killed Snorg
 57127 | Vaults:1 | Entered Level 1 of the Vaults
 57264 | Vaults:1 | Reached skill level 15 in Long Blades
 57515 | Vaults:1 | Your ally Ogrik died
 57516 | Vaults:1 | Your ally Morun died
 57544 | Vaults:1 | Reached skill level 1 in Necromancy
 57583 | Vaults:1 | Anointed Learuk the priest as your apostle
 58295 | Vaults:1 | Your ally Learuk died
 58329 | Vaults:1 | Reached XP level 21. HP: 175/177 MP: 26/28
 58629 | Vaults:2 | Reached skill level 5 in Spellcasting
 58629 | Vaults:2 | Reached skill level 5 in Necromancy
 59103 | Vaults:2 | Found Ideick's Antique Armour Shop.
 59114 | Vaults:2 | Bought a pair of runed gloves for 292 gold pieces
 59651 | Vaults:3 | You fall into a shaft and drop 1 floor!
 59808 | Vaults:4 | Found a flickering gateway to a bazaar.
 59817 | Bazaar   | Entered a bazaar
 59817 | Bazaar   | Found Kutum's Distillery.
 59849 | Bazaar   | Found Miving's Assorted Antiques.
 59852 | Bazaar   | Found Lataed's Antique Armour Emporium.
 59860 | Bazaar   | Found Wephixai's Weapon Shoppe.
 59868 | Bazaar   | Found Reyfriha's General Store.
 59876 | Bazaar   | Bought a scroll of revelation for 60 gold pieces
 59909 | Bazaar   | Bought a potion of enlightenment for 65 gold pieces
 59909 | Bazaar   | Bought 2 potions of curing for 78 gold pieces
 59909 | Bazaar   | Bought a potion of mutation for 104 gold pieces
 59909 | Bazaar   | Bought a potion of cancellation for 104 gold pieces
 59909 | Bazaar   | Bought 2 potions of heal wounds for 130 gold pieces
 59909 | Bazaar   | Bought a potion of resistance for 130 gold pieces
 59926 | Bazaar   | Bought a fine scale mail for 144 gold pieces
 59926 | Bazaar   | Identified the +0 scale mail of Sanok {Dex+2} (You bought
                  | it in a shop in a bazaar)
 60083 | Vaults:3 | Noticed Zenata
 60090 | Vaults:3 | Killed Zenata
 60550 | Vaults:3 | Noticed Asterion
 60560 | Vaults:3 | Your ally Ogrik died
 60561 | Vaults:3 | Killed Asterion
 60561 | Vaults:3 | Your ally Bogwik died
 61263 | Vaults:3 | Noticed Norris
 61275 | Vaults:3 | Killed Norris
 61903 | Vaults:3 | Reached XP level 22. HP: 157/184 MP: 25/31
 62180 | Vaults:3 | Identified the +2 robe "Ceserov" {rF++}
 62265 | Vaults:3 | Found a staircase to the Crypt.
 62575 | Snake:1  | Bought a book of Battle for 364 gold pieces
 62579 | Snake:1  | Learned a level 3 spell: Fugue of the Fallen
 63390 | Vaults:4 | Identified the +2 robe "Nasudod" {^Contam Stlth+ Archmagi}
 63390 | Vaults:4 | Noticed Boris
 63397 | Vaults:4 | Killed Boris
 63489 | Vaults:4 | Identified the orb of Uwkugookhlu {*channel, rCorr}
 63489 | Vaults:4 | Noticed Frederick
 63498 | Vaults:4 | Killed Frederick
 63589 | Vaults:4 | Identified the storm talisman "Arueg" {rF+ Will+ Stlth+}
 63589 | Vaults:4 | Noticed Sojobo
 63597 | Vaults:4 | Killed Sojobo
 63883 | Vaults:4 | Your ally Learuk died
 64121 | Vaults:4 | Found Udweuha's Weapon Shop.
 64307 | Depths:1 | Entered Level 1 of the Depths
 64467 | Depths:1 | Found a gateway to Hell.
 64471 | Depths:1 | Found a one-way gateway to a ziggurat.
 64500 | Depths:1 | Your ally Ogrik died
 64559 | Depths:1 | Found a sparkling altar of Nemelex Xobeh.
 65048 | Depths:1 | Found the +11 plutonium sword {^Contam Stlth-}
 65309 | Depths:1 | Identified the amulet of Rereej Jiuc {Faith Regen+ Str+4
                  | Dex-2}
 65397 | Depths:2 | Identified the +2 robe of Amelioration {rPois rN+ Will+}
 65397 | Depths:2 | Noticed Boris
 65430 | Depths:2 | Killed Boris
 65757 | Depths:2 | Found a transporter.
 66164 | Depths:2 | Noticed a caustic shrike
 66172 | Depths:2 | Killed a caustic shrike
 66328 | Depths:2 | Found a one-way gate leading to the halls of Pandemonium.
 66563 | Depths:2 | Identified the ring "Washrozyw" {Int+2 Slay+4}
 66603 | Depths:2 | Found Vuclul's Distillery.
 66618 | Depths:2 | Bought a potion of might for 92 gold pieces
 66618 | Depths:2 | Bought a potion of heal wounds for 115 gold pieces
 66618 | Depths:2 | Bought a potion of brilliance for 92 gold pieces
 66618 | Depths:2 | Bought a potion of magic for 184 gold pieces
 66618 | Depths:2 | Bought a potion of mutation for 184 gold pieces
 66618 | Depths:2 | Bought a potion of curing for 69 gold pieces
 66618 | Depths:2 | Bought a potion of curing for 69 gold pieces
 66654 | Depths:2 | Reached skill level 19 in Evocations
 66654 | Depths:2 | Reached XP level 23. HP: 157/192 MP: 22/32
 66878 | Depths:2 | Your ally Ogrik died
 66922 | Depths:2 | Identified the ring of Aghes {Ice Slay+3}
 66932 | Depths:2 | Found Plog's Armour Emporium.
 66954 | Depths:2 | Found a transporter.
 66954 | Depths:2 | Noticed a golden dragon
 66963 | Depths:2 | Killed a golden dragon
 67037 | Depths:2 | Noticed Saint Roka
 67044 | Depths:2 | Killed Saint Roka
 67129 | Depths:2 | Identified the ring of Nuyduf {*Slow rElec rN+ Str+6 Dex+3}
 67158 | Depths:2 | Your ally Ogrik died
 67217 | Depths:2 | Anointed Worak the priest as your apostle
 67323 | Depths:2 | Reached ****** piety under Beogh
 67694 | Depths:3 | Reached skill level 20 in Evocations
 67713 | Depths:3 | Your ally Bogwik died
 67729 | Depths:3 | Your ally Learuk died
 67990 | Depths:3 | Found Sizxu's Demolitions Depot.
 68000 | Depths:3 | Bought a wand of light (5) for 231 gold pieces
 68019 | Depths:3 | Found Jegicse's Magic Scroll Shoppe.
 68028 | Depths:3 | Bought a scroll of fear for 76 gold pieces
 68028 | Depths:3 | Bought a scroll of teleportation for 57 gold pieces
 68028 | Depths:3 | Bought a scroll of blinking for 142 gold pieces
 68121 | Depths:3 | Found a broken altar of Ashenzari.
 68150 | Depths:3 | Found a one-way gate to the infinite horrors of the Abyss.
 68570 | Depths:4 | Entered Level 4 of the Depths
 68672 | Depths:4 | Found a magical portal.
 68687 | WizLab   | Entered The Hall of the Hellbinder
 68868 | Depths:4 | Found a glowing golden altar of the Shining One.
 69593 | Depths:4 | Noticed a juggernaut
 69602 | Depths:4 | Killed a juggernaut
 69691 | Depths:4 | Paralysed by a vampire knight for 5 turns
 69944 | Depths:4 | Noticed a golden dragon
 69947 | Depths:4 | Found a gate to the Realm of Zot.
 69955 | Depths:4 | Killed a golden dragon
 70007 | Depths:4 | Reached XP level 24. HP: 177/204 MP: 27/32
 70887 | Lair:4   | Found a staircase to the Slime Pits.
 70903 | Lair:4   | Your ally Worak died
 71020 | Slime:1  | Entered Level 1 of the Pits of Slime
 71400 | Slime:4  | Gained mutation: Potions are less effective at restoring
                  | your health. [a shining eye]
 71410 | Slime:4  | Reached skill level 21 in Evocations
 71426 | Slime:4  | Reached skill level 10 in Invocations
 71438 | Slime:4  | Identified the +1 robe of the Guardian {Fly}
 71557 | Slime:5  | Entered Level 5 of the Pits of Slime
 71985 | Slime:5  | Your ally Learuk died
 71987 | Slime:5  | Your ally Worak died
 72035 | Slime:5  | Noticed the Royal Jelly
 72047 | Slime:5  | Killed the Royal Jelly
 72048 | Slime:5  | Reached skill level 22 in Evocations
 72051 | Slime:5  | Your ally Bogwik died
 72299 | Slime:5  | Found the +2 hat of the Bear Spirit {Spirit, Bear, *Rage
                  | Will++}
 72319 | Slime:5  | Got the Elucidation of Vibrant Feathers
 72333 | Slime:5  | Identified the ring of Qeram {rF+ Will+}
 72338 | Slime:5  | Identified the +3 hand axe of Ipse Dixit {freeze, rElec}
 72339 | Slime:5  | Identified the death talisman "Wilio" {rF++ Str-4 Int+4}
 72340 | Slime:5  | Identified the +1 arbalest of Instant Death {flame, Fly rC-
                  | Dex+7}
 72345 | Slime:5  | Got a slimy rune of Zot
 72357 | Slime:5  | Identified the +8 mace of Parts Unknown {flame, Fly}
 72367 | Slime:5  | Identified the amulet "Yhanasey" {Acrobat Str-5 Int-3
                  | Dex+8}
 72835 | Zot:1    | Entered Level 1 of the Realm of Zot
 73079 | Vaults:5 | Entered Level 5 of the Vaults
 73079 | Vaults:5 | Noticed an ancient lich
 73739 | Vaults:5 | Reached skill level 23 in Evocations
 73925 | Vaults:5 | Identified the +1 ring mail "Cuaxkane" {rC+ Will+ Str+2}
 73967 | Vaults:5 | Reached XP level 25. HP: 148/210 MP: 32/32
 74007 | Vaults:5 | Identified the staff of the Sixty-Six Wishes {rF+ Dex+3
                  | SInv Stlth- Summ Fire}
 74504 | Vaults:5 | Killed an ancient lich
 74591 | Vaults:5 | Reached skill level 24 in Evocations
 74609 | Vaults:5 | Reached skill level 15 in Invocations
 74613 | Vaults:5 | Your ally Worak died
 74631 | Vaults:5 | Got a silver rune of Zot
 74681 | Vaults:5 | Identified the +4 whip of Unwypiwk {spect, rN+ Stlth+}
 74726 | Vaults:5 | Identified the +7 scimitar "Wiwurghy" {flame, Int+4}
 74734 | Vaults:5 | Got the Compendium of Plutonic Nephomancy
 74750 | Vaults:5 | Identified the +1 glaive of the Candelabrum {drain, Fly rC-
                  | MP+9 Int+3}
 74902 | Vaults:5 | Got Isoacyts's Grimoire of the Fjord and the Tomb
 74946 | Vaults:5 | Noticed a dread lich
 74954 | Vaults:5 | Killed a dread lich
 75152 | Vaults:5 | Noticed a dread lich
 75156 | Vaults:5 | Killed a dread lich
 75157 | Vaults:5 | Reached skill level 25 in Evocations
 75405 | Vaults:5 | Noticed a dread lich
 75411 | Vaults:5 | Killed a dread lich
 75461 | Vaults:4 | Identified the +7 dagger of the Original Sin {venom, Int-5
                  | Dex+3 SInv}
 75461 | Vaults:4 | Identified the +1 robe "Duvvecw" {Harm}
 75469 | Vaults:4 | Your ally Worak died
 75791 | Zot:1    | Noticed an orb of fire
 75792 | Zot:1    | Your ally Bogwik died
 75794 | Zot:1    | Gained mutation: You are agile. (Dex +4, Str/Int -1) [an
                  | orb of fire]
 75797 | Zot:1    | Killed an orb of fire
 76205 | Zot:1    | Reached skill level 26 in Evocations
 76499 | Zot:1    | Identified the +3 chain mail of the Ikuchi {rC+ rCorr
                  | Slay-6}
 77008 | Zot:2    | Found a stormy altar of Qazlal.
 77613 | Zot:2    | Reached skill level 27 in Evocations
 77630 | Zot:2    | Reached XP level 26. HP: 218/218 MP: 34/34
 78812 | Zot:3    | Your ally Learuk died
 78816 | Zot:3    | Your ally Worak died
 78885 | Zot:3    | Your ally Bogwik died
 79652 | Zot:3    | Found a runed translucent gate.
 79652 | Zot:3    | Found a runed translucent gate.
 79652 | Zot:3    | Found a runed translucent gate.
 79652 | Zot:3    | Noticed Emorepp's ghost (legendary GnSk)
 80391 | Zot:4    | Found a white marble altar of Elyvilon.
 80430 | Zot:5    | Entered Level 5 of the Realm of Zot
 80922 | Zot:5    | Your ally Worak died
 80923 | Zot:5    | Your ally Learuk died
 80943 | Zot:5    | Noticed an orb of fire
 80950 | Zot:5    | Your ally Bogwik died
 80955 | Zot:5    | Killed an orb of fire
 80962 | Zot:5    | Noticed an orb of fire
 80962 | Zot:5    | Noticed a Killer Klown
 80962 | Zot:5    | Noticed a Killer Klown
 80962 | Zot:5    | Noticed a dread lich
 80968 | Zot:5    | Gained mutation: You are frail. (-10% HP) [an orb of fire]
 80972 | Zot:5    | Killed an orb of fire
 80978 | Zot:5    | Killed a dread lich
 80983 | Zot:5    | Noticed an ancient lich
 80987 | Zot:5    | Killed an ancient lich
 80988 | Zot:5    | Reached XP level 27. HP: 198/205 MP: 35/35
 81721 | Zot:5    | Learned a level 1 spell: Apportation
 81731 | Zot:5    | Got the Orb of Zot
 81745 | Zot:5    | Noticed Xouf the pandemonium lord
 81754 | Zot:5    | Killed Xouf the pandemonium lord
 81776 | Zot:5    | Noticed a seraph
 81781 | Zot:5    | Noticed Cohenay the pandemonium lord
 82092 | D:13     | Noticed Xovyfuyw the pandemonium lord
 82100 | D:13     | Your ally Bogwik died
 82108 | D:13     | Your ally Learuk died
 82109 | D:13     | Your ally Worak died
 82161 | D:12     | Noticed Yfoupn the pandemonium lord
 82409 | D:$      | Escaped with the Orb!

Illustrated notes

Levels and vault maps discovered:
D:1:      lemuel_arrival_hallway, layout_rooms, serial_shops,
          nicolae_shop_competitors_out_of_business,
          minmay_misc_feat_secret_circle
D:2:      layout_basic, hangedman_abyss_or_decor_stabs
D:3:      layout_basic, chequers_serial_rivers_room_a
D:4:      black_bear_nest_1, layout_basic, old_standard_altar,
          nicolae_vehumet_radiance, mainiacjoe_overflow_24_doors,
          minmay_temple_entry_grid, portal_sewer_entry_e, grunt_ministairs_1,
          nicolae_elevator_lobby_asterisk, uniq_duvessa, uniq_crazy_yiuf_cottage
D:5:      layout_loops_ring, mainiacjoe_overflow_small_starburst,
          mainiacjoe_overflow_brackets, nicolae_wu_jian_immortal_techniques,
          uniq_sigmund
D:6:      layout_loops_ring, marbit_many_paths, dancing_weapons_uskayaw,
          grunt_gozag_breadcrumbs
D:7:      layout_basic, elyvilon_altar_4, old_standard_altar,
          kennysheep_nondescript, nrook_loot_triangle
D:8:      layout_rooms, mainiacjoe_overflow_surrounded_room,
          mainiacjoe_overflow_catwalk, nicolae_kite_square_tiling_tiny,
          serial_library_hellmonk_hallway_b, minmay_misc_feat_diagonals
D:9:      layout_big_octagon, lemuel_doored_altar,
          nicolae_overflow_two_pavilions, hiddenorc2_lemuel, serial_ice,
          serial_ice_g, serial_ice_b, serial_ice_h, serial_ice_d, serial_ice_f
D:10:     layout_rooms, hellmonk_lair_entry_icy
D:11:     layout_cave_pools, gammafunk_ghost_berserking_beasts
D:12:     layout_long_grid, uniq_maurice
D:13:     minmay_chopped_fan, layout_loops_corners, monkooky_shop_mail_order
D:14:     layout_cave_pods, skrybe_vaults_entry_preservation,
          nicolae_zig_zag_zippers, uniq_rupert, uniq_roxanne, uniq_snorg
D:15:     gammafunk_depths_entry_grave, layout_rooms,
          serial_library_hellmonk_filled_rooms, serial_curves, eino_curves_03,
          eino_curves_01, uniq_louise, uniq_kirke
Temple:   nicolae_temple_two_arcs
Lair:1:   layout_chaotic_city, gauntlet_entry_generic, serial_bayou_pond_a,
          lemuel_fruit_tree
Lair:2:   layout_misc_corridors
Lair:3:   layout_misc_corridors, minmay_swamp_entry_worms,
          minmay_snake_entry_guardpost_small, serial_bayou, serial_bayou_pond_d,
          serial_bayou_shore_a, serial_bayou_pond_b, serial_bayou_lake_a,
          chequers_serial_rivers_small_a, uniq_amaemon
Lair:4:   layout_cellular_growth, minmay_slime_entry_oklob_open,
          lightli_volcano_entry_magma_tube, uniq_sonja
Lair:5:   hangedman_lair_in_review, layout_gridlike, infiniplex_staircase_pool_2
Swamp:1:  layout_basic_swamp, nicolae_swamp_ascending_descending, swamp_pool_1_2
Swamp:2:  layout_basic_swamp, evilmike_swamp_ruin_house_1, swamp_pool_1_2,
          nicolae_swamp_decorative_isthmus
Swamp:3:  layout_falls_marsh, evilmike_swamp_ruin_house_6, swamp_pool_3
Swamp:4:  swamp_icy, layout_basic_swamp, uniq_nikola, uniq_bai_suzhen
Snake:1:  layout_cave_pods, minmay_shop_grove, grunt_megastairs_5
Snake:2:  gammafunk_sealed_library, layout_onion_interference,
          grunt_ministairs_13
Snake:3:  layout_chambers
Snake:4:  grunt_snake_rune_serpentine_throne, layout_cave_town,
          gammafunk_ghost_arena, serial_bayou_lagoon_a, nicolae_triple_integral
Slime:1:  layout_caves
Slime:2:  layout_caves
Slime:3:  layout_caves
Slime:4:  layout_caves, special_room [special_room_jelly],
          nicolae_slime_round_cave
Slime:5:  slime_pit_nicolae_royal_road_to_ruin
Orc:1:    dreamdust_wu_jian_sword_trials, layout_diamond_mine, basic_altar,
          gammafunk_ghost_necromancy, uniq_josephine
Orc:2:    st_orc_ogre_mass, layout_diamond_mine,
          portal_ice_cave_entry_pillars_1, nicolae_orc_damp_corner
Elf:1:    eino_elf_arrival_the_gate, layout_loops_corners, serial_shops, shop,
          nicolae_elf_blasts_and_bolts, grunt_megastairs_1
Elf:2:    elven_hall_of_blades_hangedman_original [nicolae_blade_little_rooms],
          layout_loops_cross, uniq_jorgrun, uniq_aizul
Elf:3:    minmay_elf_hall_x, layout_geoelf_grid, serial_corexii_hall,
          corexii_hall_statues_x, corexii_hall_statues_x,
          corexii_hall_statues_s, corexii_hall_statues_i,
          corexii_hall_statues_l, corexii_hall_statues_t
Vaults:1: hangedman_vaults_stretched_pinwheel,
          nicolae_vaults_storage_room_doors, v_alt_pattern_2,
          nicolae_vaults_surprise_closet, hangedman_vaults_snaps,
          nicolae_vaults_doubleplus_tesselated, nooodl_orcs_dogs,
          hangedman_vaults_unwind, ontoclasm_vaults_bender,
          nicolae_vaults_closet_pinwheel_4, v_misc_23, v_misc_13,
          nicolae_vaults_shelves_hall, nicolae_vaults_cochlea,
          layout_vaults_omnibox
Vaults:2: v_misc_19, v_misc_29, hangedman_vaults_stitches,
          nicolae_vaults_inception_scallops,
          vaults_room_grunt_arrival_checkpoint,
          vaults_standard_mumra_enter_the_diamond, ontoclasm_vaults_chip,
          nicolae_vaults_trapezoid_lopsided_4, v_misc_33,
          nicolae_vaults_trapezoid_lopsided_4, nicolae_vaults_little_squares_5,
          layout_vaults_ring, serial_shops, nicolae_shop_scrapyard
Vaults:3: vaults_mumra_minichess_inversion, kb_rosetta,
          minmay_crypt_entry_simple_walls, ontoclasm_vaults_gateway,
          nicolae_vaults_closet_pinwheel_6, nicolae_vaults_diagonal_hallway_8,
          nicolae_vaults_circle_grid_b, vaults_mumra_hexcomb,
          vaults_room_semicircle, hangedman_vaults_cutoff,
          nicolae_vaults_storage_room_glass, nicolae_vaults_tetromino_T_2,
          layout_vaults_big_room, serial_shops, uniq_asterion, uniq_zenata,
          uniq_norris
Vaults:4: v_misc_13, nicolae_vaults_trapezoid_lopsided_2,
          nicolae_vaults_windows_and_doors_thing, grunt_vaults_focal,
          nicolae_vaults_circle_grid_b, nicolae_vaults_display_case,
          v_pattern_2, nicolae_vaults_turnstiles,
          nicolae_vaults_taking_the_gang_shopping, grunt_vaults_diagonal,
          vaults_dpeg_ring, layout_vaults_omnigrid, serial_shops,
          bzr_entry_water, uniq_sojobo, uniq_boris, uniq_frederick
Vaults:5
Depths:1: layout_basic, enter_ziggurat_b, hell_entry, serial_aquarium,
          aquarium_bridge_long_joined [aquarium_subvault_window,
          aquarium_subvault_window, aquarium_subvault_wall,
          aquarium_subvault_bridge, aquarium_subvault_bridge,
          aquarium_subvault_wall], aquarium_window_1, aquarium_window_corner,
          aquarium_view_2c, aquarium_view_2b, aquarium_balcony_1a,
          aquarium_pool_four, dk_noncrumbling_2, nemelex_diamond_rough_becter
Depths:2: hangedman_spin_cycle, hell_entry, pan_entry
Depths:3: gammafunk_mikee_crab_dinner, layout_cave_shapes, serial_shops,
          nicolae_shop_peninsula, nicolae_abyss_entry_one_way_or_another,
          serial_sigils_hangedman_snap, hellmouth_1, nicolae_blasting_shop,
          cheibrodos_ashenzari_chains, uniq_josephina
Depths:4: grunt_zot_entry_gee_three, layout_gridlike, tso_metal_star,
          abyss_entry, infiniplex_enter_wizlab_water, hell_entry
Zot:1:    layout_basic, regret_index_zotdec_banners
Zot:2:    layout_twisted_circle, basic_altar, uniq_parghit
Zot:3:    lemuel_halls_of_wrath, layout_misc_corridors,
          ebering_ghost_rock_garden
Zot:4:    layout_onion_interference, regret_index_zotdec_alabaster_prism
Zot:5:    layout_misc_corridors

Skill      XL: |  1  2  3  4  5  6  7  8  9 10 11 12 13 14 15 16 17 18 19 20 21 22 23 24 25 26 27 |
---------------+----------------------------------------------------------------------------------+-----
Short Blades   | 2 3 4 5 6 8 |  8.0
Throwing       | 2 3 |  3.1
Dodging        | 1 2 3 4 6 7 9 10 11 12 14 15 16 18 20 21 | 21.5
Fighting       | 3 4 6 7 8 10 11 12 14 15 17 18 20 21 | 21.8
Stealth        | 4 |  4.0
Evocations     | 8 9 14 15 17 18 19 20 23 27 | 27.0
Air Magic      | 2 5 6 |  6.0
Spellcasting   | 2 3 4 6 |  6.0
Invocations    | 5 6 7 8 9 13 15 16 | 16.0
Polearms       | 6 8 |  8.0
Maces & Flails | 2 |  2.0
Long Blades    | 8 11 12 15 17 18 19 | 19.4
Armour         | 6 |  6.0
Necromancy     | 4 8 |  8.0

Action                     |  1- 3 |  4- 6 |  7- 9 | 10-12 | 13-15 | 16-18 | 19-21 | 22-24 | 25-27 || total
---------------------------+-------+-------+-------+-------+-------+-------+-------+-------+-------++-------
  Melee: Dagger            |    49 |   196 |   621 |   691 |     5 |       |       |       |       ||  1562
         Short sword       |       |     7 |    40 |   219 |       |       |       |       |       ||   266
         Trident           |       |       |       |   299 |   386 |       |       |       |       ||   685
         Spear             |       |       |       |       |   426 |   802 |   292 |     8 |       ||  1528
         Demon whip        |       |       |       |       |     1 |       |       |       |       ||     1
         Scimitar          |       |       |       |       |    55 |   950 |  1047 |   209 |       ||  2261
         Demon blade       |       |       |       |       |       |       |   108 |  1393 |  1197 ||  2698
  Throw: Dart              |    44 |    61 |    56 |    30 |       |     8 |     6 |    15 |    10 ||   230
         Throwing net      |       |     1 |     3 |       |       |       |       |       |       ||     4
         Stone             |       |     1 |       |     1 |       |       |       |       |       ||     2
         Boomerang         |       |       |    18 |    61 |     8 |    84 |     1 |       |       ||   172
   Cast: Airstrike         |       |       |       |    84 |    73 |    86 |       |       |       ||   243
         Swiftness         |       |       |       |     9 |     2 |       |       |       |       ||    11
         Fugue of the Fall |       |       |       |       |       |       |       |    23 |    11 ||    34
         Apportation       |       |       |       |       |       |       |       |       |     3 ||     3
 Invoke: Convert to Beogh  |       |       |     1 |       |       |       |       |       |       ||     1
         Smiting           |       |       |       |    14 |    39 |    28 |    75 |    19 |    26 ||   201
         Recruit Apostle   |       |       |       |       |     4 |     1 |     1 |     1 |       ||     7
         Recall Apostles   |       |       |       |       |    10 |    11 |    25 |    11 |     8 ||    65
         Dismiss Apostle   |       |       |       |       |     1 |     1 |     1 |     1 |       ||     4
         Blood for Blood   |       |       |       |       |       |     1 |       |     1 |     1 ||     3
  Evoke: Wand              |       |       |    10 |    12 |    13 |    47 |    42 |     5 |    23 ||   152
         Phantom mirror    |       |       |       |     2 |     1 |     3 |     1 |     1 |       ||     8
         Sack of spiders   |       |       |       |       |     3 |     6 |     5 |     2 |     2 ||    18
         Condenser vane    |       |       |       |       |     1 |     6 |     5 |     4 |     3 ||    19
         Lightning rod     |       |       |       |       |       |     7 |     5 |     1 |    10 ||    23
    Use: Scroll            |     2 |     1 |     2 |    14 |    11 |    20 |    10 |    17 |    11 ||    88
         Potion            |       |       |    10 |     5 |       |     3 |     3 |    10 |     9 ||    40
   Stab: Sleeping          |       |     5 |     5 |     7 |    15 |     8 |     5 |     7 |     8 ||    60
         Held in net/web   |       |       |     4 |       |       |       |       |       |       ||     4
         Distracted        |       |       |     2 |       |    12 |    13 |    46 |    61 |    35 ||   169
         Paralysed         |       |       |     5 |     2 |    10 |    28 |       |     2 |     3 ||    50
         Confused          |       |       |       |       |     1 |     2 |       |       |       ||     3
         Invisible         |       |       |       |       |       |     9 |     4 |       |     2 ||    15
 Armour: Robe              |    16 |    49 |   193 |   324 |   152 |   390 |   324 |   234 |   147 ||  1829
         Leather armour    |       |       |       |       |       |       |     8 |       |       ||     8
  Dodge: Dodged            |    26 |    53 |   174 |   415 |   296 |   866 |   786 |   790 |   703 ||  4109

Table legend: (Time is in decaauts)
 A = Elapsed time spent in this place.
 B = Non-inter-level travel time spent in this place.
 C = Inter-level travel time spent in this place.
 D = Time resting spent in this place.
 E = Time spent auto-exploring this place.
 F = Levels seen in this place.
 G = Mean time per level.
                   A        B        C        D        E       F      G
               +--------+--------+--------+--------+--------+-----+--------+
         Total |  84249 |  74482 |   9767 |   9796 |  44620 |  58 | 1452.6 |
       Dungeon |  26344 |  21864 |   4480 |   4157 |  10283 |  15 | 1756.3 |
        Temple |      1 |      1 |      0 |      0 |      0 |   1 |    1.0 |
          Lair |  10241 |   9228 |   1013 |    680 |   6489 |   5 | 2048.2 |
         Swamp |   5223 |   4501 |    722 |    466 |   2847 |   4 | 1305.8 |
     Snake Pit |   8477 |   7813 |    664 |    724 |   5397 |   4 | 2119.2 |
    Slime Pits |   1555 |   1403 |    152 |    274 |    451 |   5 |  311.0 |
  Orcish Mines |   2027 |   1469 |    558 |     20 |   1064 |   2 | 1013.5 |
   Elven Halls |   6837 |   6329 |    508 |    820 |   3853 |   3 | 2279.0 |
        Vaults |   9395 |   8898 |    497 |    675 |   6095 |   5 | 1879.0 |
        Depths |   6954 |   6102 |    852 |    637 |   4228 |   4 | 1738.5 |
           Zot |   6024 |   5706 |    318 |    957 |   3504 |   5 | 1204.8 |
        Bazaar |    122 |    122 |      0 |      0 |     53 |   1 |  122.0 |
         Sewer |     93 |     93 |      0 |      0 |      0 |   1 |   93.0 |
      Ice Cave |    923 |    923 |      0 |    379 |    355 |   1 |  923.0 |
       Volcano |      5 |      5 |      0 |      0 |      0 |   1 |    5.0 |
        Wizlab |     21 |     21 |      0 |      3 |      0 |   1 |   21.0 |
               +--------+--------+--------+--------+--------+-----+--------+

Top non-repeatable levels by time:
   Elf:3: 3643 daAuts
    D:10: 3262 daAuts
  Lair:2: 3244 daAuts
 Snake:4: 3208 daAuts
     D:8: 2428 daAuts
Vaults:5: 2405 daAuts
Vaults:3: 2348 daAuts
     D:9: 2270 daAuts
     D:4: 2182 daAuts
Depths:4: 2146 daAuts
Depths:2: 2128 daAuts
  Lair:3: 2054 daAuts
     D:7: 2014 daAuts
 Snake:2: 1986 daAuts
  Lair:1: 1852 daAuts
